 Dungeon Crawl Stone Soup version 0.31-a0-182-gc5ef74bbde (webtiles) character file.

Game seed: 14732524839674008024

1814 olmar the Covered (level 8, 0/71 HPs)
             Began as an Armataur Fighter on June 21, 2023.
             Was an Initiate of Gozag.
             Slain by an orc warrior
             ... wielding a +0 glaive
              (14 damage)
             ... on level 6 of the Dungeon.
             The game lasted 00:10:29 (6329 turns).

olmar the Covered (Armataur Fighter)                Turns: 6329, Time: 00:10:30

Health: 0/71       AC: 10    Str: 23    XL:     8   Next: 84%
Magic:  8/8        EV: 11    Int:  9    God:    Gozag
Gold:   375        SH:  5    Dex: 10    Spells: 7/7 levels left

rFire   . . .        a - +0 flail (flame)
rCold   . . .        c - +0 buckler
rNeg    . . .        y - +1 chain mail
rPois   .            (no helmet)
rElec   .            (no cloak)
rCorr   .            (no gloves)
SInv    +            (no barding)
Will    .....        (no amulet) Stlth
                     m - ring of see invisible
HPRegen 0.31/turn    r - +5 ring of evasion
MPRegen 0.11/turn

%: roll
@: no status effects
A: large, rugged brown scales 3, deformed body, armoured tail, roll, long
tongue, awkward tongue
a: Renounce Religion, Potion Petition, Call Merchant, Bribe Branch


You were on level 6 of the Dungeon.
You worshipped Gozag.
Gozag was aware of your devotion.
You visited 2 branches of the dungeon, and saw 7 of its levels.
You also visited: Sewer and Ossuary.

You collected 444 gold pieces.
You paid 69 gold pieces to Gozag.

Inventory:

Hand Weapons
 a - a +0 flail of flaming (weapon)
 d - a +0 flail of holy wrath
 x - a +2 whip of electrocution
Missiles
 f - 6 poisoned darts
 i - 2 javelins
Armour
 b - a +0 scale mail
 c - a +0 buckler (worn)
 y - a +1 chain mail (worn)
Jewellery
 m - a ring of see invisible (left hand)
 r - a +5 ring of evasion (right hand)
 t - a +4 ring of protection
Scrolls
 g - 3 scrolls of fog
 l - 3 scrolls of vulnerability
 o - a scroll of summoning
 z - 2 scrolls of brand weapon
 A - a scroll of enchant weapon
 B - 3 scrolls of teleportation
 D - a scroll of fear
 E - a scroll of torment
Potions
 e - 4 potions of enlightenment
 h - 4 potions of haste
 j - 2 potions of heal wounds
 k - 3 potions of curing
 n - 4 potions of invisibility
 p - a potion of magic
 s - 2 potions of cancellation
 u - a potion of might
 v - a potion of mutation
 w - a potion of resistance
 C - 3 potions of lignification
 F - a potion of berserk rage


   Skills:
 + Level 4.8 Fighting
 + Level 7.0 Maces & Flails
 + Level 7.6 Armour
 + Level 1.1 Stealth
 + Level 5.7 Shields
 + Level 1.8 Evocations


You had 7 spell levels left.
You didn't know any spells.
Your spell library contained the following spells:

 Spells                   Type           Power      Damage    Failure   Level
 Sublimation of Blood     Necr           0%         N/A       98%         2
 Petrify                  Tmut/Erth      0%         N/A       100%        4
 Irradiate                Conj/Tmut      0%         3d11      100%        5


Dungeon Overview and Level Annotations

Branches:
Dungeon (6/15)             Temple (1/1) D:5           Sewer (visited)
Ossuary (visited)

Altars:
Ashenzari
Dithmenos
Fedhas
Gozag
Nemelex Xobeh
Okawaru
Ru
Vehumet
Xom
Zin
The Shining One


Innate Abilities, Weirdness & Mutations

You are completely covered in rugged brown scales. (AC +3, +7% HP)
Armour fits poorly on your strangely shaped body.
You have a long armoured tail.
You roll when moving toward enemies. (Rampage)
Your long tongue fully drains potion bottles. (2x potion effects)
Your tongue gives you trouble enunciating. (1.5x scroll delay)


Message History

You are too injured to fight recklessly!
You are too injured to fight recklessly!
You are too injured to fight recklessly!
You are too injured to fight recklessly!
You are too injured to fight recklessly!
You are too injured to fight recklessly!
You are too injured to fight recklessly!
You are too injured to fight recklessly!
You are too injured to fight recklessly!
You are too injured to fight recklessly!
You are too injured to fight recklessly!
Unknown command.
You closely miss the orc warrior.
You tail-slap the orc warrior, but do no damage.
The orc warrior is severely wounded.
The orc warrior closely misses you.
Unknown command.
Unknown command.
You hit the orc warrior. You burn the orc warrior.
The orc warrior is almost dead.
The orc warrior hits you with a +0 glaive.
* * * LOW HITPOINT WARNING * * *
Unknown command.
Unknown command.
You hit the orc warrior but do no damage.
The orc warrior is almost dead.
The orc warrior hits you with a +0 glaive.
* * * LOW HITPOINT WARNING * * *
Unknown command.
You closely miss the orc warrior.
The orc warrior is almost dead.
The orc warrior hits you with a +0 glaive.
* * * LOW HITPOINT WARNING * * *
Unknown command.
Unknown command.
You hit the orc warrior but do no damage.
The orc warrior is almost dead.
The orc warrior hits you with a +0 glaive!
You die...
Your body crumbles into a pile of gold.

#.# #.# #.
#.# #.# ###
##.###.# #.#
###...##.#
#<# ......#.#
#.# #....#.#
#.#
#<#.#.####.#
#@#........#
#o###.#######
#o..S........
#####.#######
#$#
###.######
#..........
#.#...#####
#l.....# $


You could see an orc warrior and an orc.

Vanquished Creatures
  A water moccasin (D:6)
  Duvessa (D:5)
  A black bear (D:4)
  An ogre (D:5)
  Blork the orc (D:5)
  2 bullfrogs
  5 scorpions
  Dowan (D:5)
  A centaur zombie (Ossuary)
  A human zombie (Ossuary)
  A jelly (D:5)
  2 hounds
  A sleepcap (D:4)
  Jessica (D:2)
  4 iguanas
  6 scorpion zombies (Ossuary)
  4 mummies
  3 gnolls (D:2)
  9 adders
  7 river rats
  A white imp (D:5)
  2 ufetubi (D:5)
  A worm (D:3)
  4 dart slugs
  8 orcs
  6 bats
  8 endoplasms
  5 giant cockroaches
  11 goblins
  4 hobgoblins
  6 kobolds
  5 quokkas
  15 ball pythons
  7 frilled lizards
  2 gnoll zombies (Ossuary)
  5 goblin zombies (Ossuary)
  2 hobgoblin zombies
  2 kobold zombies
  5 orc zombies
  33 rats
185 creatures vanquished.

Vanquished Creatures (collateral kills)
  A bullfrog (Sewer)
  An adder (Sewer)
  2 ball pythons (Sewer)
  An endoplasm (Sewer)
  A frilled lizard (Sewer)
6 creatures vanquished.

Grand Total: 191 creatures vanquished

Notes
Turn   | Place    | Note
-------+----------+-------------------------------------------
     0 | D:1      | olmar the Armataur Fighter began the quest for the Orb.
     0 | D:1      | Reached XP level 1. HP: 19/19 MP: 1/1
   130 | D:1      | Reached XP level 2. HP: 26/26 MP: 2/2
   541 | D:1      | Reached XP level 3. HP: 33/33 MP: 3/3
  1140 | D:2      | Reached XP level 4. HP: 5/40 MP: 4/4
  1319 | D:2      | Noticed Jessica
  1321 | D:2      | Killed Jessica
  2214 | D:3      | Reached XP level 5. HP: 42/48 MP: 5/5
  2435 | D:3      | Found a faded altar of an unknown god.
  2607 | D:3      | Found a glowing drain.
  2615 | Sewer    | Entered a sewer
  2989 | Sewer    | Reached XP level 6. HP: 23/54 MP: 6/6
  3155 | Sewer    | Reached skill level 5 in Armour
  4272 | D:4      | Reached skill level 1 in Stealth
  4272 | D:4      | Reached XP level 7. HP: 27/62 MP: 7/7
  4848 | D:5      | Entered Level 5 of the Dungeon
  4914 | D:5      | Noticed Dowan
  4914 | D:5      | Noticed Duvessa
  4935 | D:5      | Killed Duvessa
  4936 | D:5      | Reached skill level 5 in Maces & Flails
  4939 | D:5      | Reached skill level 1 in Evocations
  4940 | D:5      | Killed Dowan
  5056 | D:5      | Found a staircase to the Ecumenical Temple.
  5068 | Temple   | Entered the Ecumenical Temple
  5080 | Temple   | Became a worshipper of Gozag Ym Sagoz the Greedy
  5220 | D:5      | Noticed Blork the orc
  5225 | D:5      | Reached XP level 8. HP: 70/70 MP: 8/8
  5231 | D:5      | Killed Blork the orc
  5289 | D:5      | Found a sand-covered staircase.
  5298 | Ossuary  | Entered an ossuary
  5369 | Ossuary  | Reached skill level 5 in Shields
  6329 | D:6      | Slain by an orc warrior

Illustrated notes

Levels and vault maps discovered:
D:1:      minmay_arrival_pointy, layout_basic, st_stairs_10
D:2:      minmay_spotlight, layout_basic, serial_corexii_hall,
          corexii_hall_statues_x, corexii_hall_statues_l, hangedman_decor_push,
          uniq_jessica
D:3:      layout_loops_corners, gup_sewer_entry_spiral,
          hellmonk_ecumenical_altar_run_dry
D:4:      layout_basic, serial_curves, eino_curves_03, eino_curves_03,
          patterned_corridor
D:5:      layout_basic, minmay_temple_entry_overgrown,
          lightli_ossuary_entry_decrepit_ruins, st_stairs_9,
          minmay_mini_ossuary, uniq_blork_the_orc, uniq_duvessa
D:6:      layout_loops_ring, mainiacjoe_overflow_catwalk, minitemple,
          ebering_ghost_reflecting_pool, kennysheep_doodads,
          minmay_misc_feat_columns, grunt_decor_fettered,
          minmay_fractal_squares_5, uniq_crazy_yiuf_cottage
Temple:   nicolae_temple_two_arcs

Skill      XL: |  1  2  3  4  5  6  7  8 |
---------------+-------------------------+-----
Maces & Flails | 2 3 4 5 7 |  7.0
Fighting       | 3 4 |  4.8
Armour         | 4 5 6 7 |  7.6
Shields        | 4 5 |  5.7
Stealth        | 1 |  1.1
Evocations     | 1 |  1.8

Action                     |  1- 3 |  4- 6 |  7- 9 || total
---------------------------+-------+-------+-------++-------
  Melee: Flail             |    97 |   238 |   229 ||   564
         Tailslap          |     7 |    26 |    33 ||    66
  Evoke: Wand              |       |     5 |     4 ||     9
    Use: Potion            |     3 |       |     5 ||     8
         Scroll            |       |     5 |    12 ||    17
   Stab: Distracted        |       |     1 |       ||     1
         Invisible         |       |       |     1 ||     1
 Armour: Scale mail        |    52 |   158 |       ||   210
         Chain mail        |       |    12 |   110 ||   122
  Dodge: Dodged            |    45 |   139 |   106 ||   290
  Block: Buckler           |    21 |    78 |    45 ||   144

Table legend: (Time is in decaauts)
 A = Elapsed time spent in this place.
 B = Non-inter-level travel time spent in this place.
 C = Inter-level travel time spent in this place.
 D = Time resting spent in this place.
 E = Time spent auto-exploring this place.
 F = Levels seen in this place.
 G = Mean time per level.
                   A        B        C        D        E       F      G
               +--------+--------+--------+--------+--------+-----+--------+
         Total |   6435 |   6256 |    179 |    684 |   3712 |   9 |  715.0 |
       Dungeon |   5044 |   4865 |    179 |    319 |   3146 |   6 |  840.7 |
        Temple |     25 |     25 |      0 |      0 |      0 |   1 |   25.0 |
         Sewer |    752 |    752 |      0 |    361 |    182 |   1 |  752.0 |
       Ossuary |    612 |    612 |      0 |      4 |    384 |   1 |  612.0 |
               +--------+--------+--------+--------+--------+-----+--------+

Top non-repeatable levels by time:
     D:2: 1221 daAuts
     D:3: 1055 daAuts
     D:4: 1021 daAuts
     D:1: 890 daAuts
     D:5: 789 daAuts
   Sewer: 752 daAuts
 Ossuary: 612 daAuts
     D:6: 67 daAuts
  Temple: 25 daAuts
